Map: Submarine LE

Players

ViBE - Winner!

  • Race: Zerg Zerg
  • League: Bronze
  • Spawn Location: 5:00

Benkevin

  • Race: Terran Terran
  • Spawn Location: 11:00

VOD

https://www.youtube.com/watch?v=VjhJ7E-kFgw&list=PLFeZeom2b4DnD3FIu7pzkXl51JX_WWz2h&index=2

Description

Time

  • Played on: March 11, 2021, 1:03 a.m.
  • Length: 14:52
Show
View Real Time Build Order
Export as new Build Order

ViBE Zerg - Winner!

Build Orders: Hatch First 

Get SALT Encoding   

  12  0:01  Drone  
  13  0:14  Overlord  
  13  0:18  Drone  
  14  0:32  Drone x2  
  16  0:52  Hatchery  
  15  0:59  Drone  
  15  1:00  Drone x2  
  18  1:21  Spawning Pool  
  17  1:29  Drone x2  
  17  1:32  Drone  
  20  1:45  Extractor  
  19  1:55  Drone  
  19  1:56  Drone  
  21  2:08  Queen  
  21  2:09  Queen  
  21  2:13  Overlord  
  21  2:15  Drone x2  
  27  2:32  Drone  
  27  2:33  Overlord  
  28  2:47  Drone x3  
  31  2:52  Queen  
  31  2:57  Lair  
  33  3:20  Overlord  
  33  3:21  Drone  
  33  3:22  Drone x10  
  33  3:26  Roach Warren  
  43  3:27  Evolution Chamber  
  42  3:43  Drone x2  
  44  4:09  Extractor x2, Drone x3  
  49  4:10  Drone x6  
  51  4:22  Hatchery  
  50  4:45  Overlord x3  
  50  5:02  Drone x2  
  50  5:05  Roach x7  
  66  5:18  Zerg Missile Weapons Level 1, Glial Reconstitution  
  66  5:25  Drone  
  66  5:26  Drone x9  
  76  5:37  Drone x3  
  79  5:58  Extractor  
  79  6:00  Extractor  
  79  6:01  Drone x5  
  79  6:02  Overlord  
  82  6:07  Hydralisk Den  
  82  6:10  Extractor  
  80  6:26  Overlord  
  80  6:27  Overlord x2  
  80  6:37  Drone x5  
  80  6:38  Drone x2  
  87  6:53  Hatchery  
  86  7:06  Hydralisk Den  
  86  7:11  Drone, Evolution Chamber  
  86  7:13  Evolution Chamber  
  85  7:16  Drone  
  85  7:17  Drone x2  
  85  7:22  Grooved Spines  
  88  7:24  Overlord x3  
  88  7:27  Overlord x4  
  88  7:36  Hydralisk x6  
  100  8:15  Hydralisk x9  
  100  8:19  Hydralisk  
  120  8:33  Muscular Augments  
  120  8:39  Drone x12  
  132  8:48  Zerg Missile Weapons Level 2  
  132  8:49  Zerg Ground Armor Level 1  
  132  8:51  Drone x6  
  138  9:04  Infestation Pit  
  137  9:18  Hatchery  
  137  9:21  Extractor  
  137  9:23  Extractor  
  134  9:24  Hydralisk x16  
  134  9:25  Hydralisk x2  
  160  10:20  Queen  
  162  10:29  Overlord x5  
  162  10:33  Hydralisk  
  162  10:34  Hydralisk x9  
  178  10:59  Hydralisk x11  
  198  11:59  Hive  
  198  12:01  Zerg Ground Armor Level 2  
  196  12:27  Hatchery  
  163  13:48  Hydralisk x18  
  163  13:49  Drone  
Show
View Real Time Build Order
Export as new Build Order

Benkevin Terran 

Build Orders:  

Get SALT Encoding   

  12  0:02  SCV  
  13  0:22  SCV, Supply Depot  
  14  0:34  SCV  
  15  0:51  Supply Depot  
  15  0:59  Barracks  
  15  1:01  SCV  
  16  1:13  SCV  
  17  1:26  Engineering Bay  
  17  1:27  SCV  
  18  1:39  SCV  
  19  1:47  Marine  
  20  1:55  Barracks  
  20  2:04  Marine  
  20  2:08  Missile Turret  
  21  2:20  Refinery  
  21  2:22  Marine  
  21  2:29  Missile Turret  
  22  2:40  Marine  
  23  2:45  Refinery  
  23  2:51  SCV, Missile Turret  
  23  2:58  Marine  
  24  3:03  Barracks Tech Lab  
  24  3:04  SCV  
  26  3:16  Marine, SCV  
  28  3:26  Stimpack  
  28  3:28  SCV  
  28  3:29  Marine  
  28  3:34  Marine  
  31  3:40  Command Center  
  31  3:53  Supply Depot  
  31  4:14  Marine x2  
  31  4:15  SCV, Factory  
  31  4:16  Supply Depot  
  34  4:27  SCV  
  35  4:32  Marine x2  
  37  5:05  Starport  
  37  5:12  Barracks Tech Lab  
  37  5:15  Barracks Reactor  
  37  5:16  Marine  
  38  5:23  SCV  
  39  5:29  Factory Tech Lab  
  39  5:34  Marine  
  39  5:35  SCV  
  41  5:41  Armory  
  41  5:47  SCV  
  41  5:48  Siege Tank  
  45  5:52  Marine  
  46  5:59  SCV, Orbital Command  
  47  6:10  Marine  
  48  6:14  Marine x2  
  50  6:20  Siege Tank  
  53  6:27  Marine  
  53  6:32  Marine x2  
  51  6:48  Smart Servos  
  51  6:49  Marine  
  51  6:50  Marine  
  51  6:51  Starport Tech Lab  
  51  6:52  Siege Tank  
  51  6:53  Terran Vehicle Weapons Level 1  
  56  7:02  SCV  
  57  7:14  SCV  
  58  7:16  Refinery  
  58  7:23  Marine  
  58  7:25  Siege Tank  
  62  7:40  Supply Depot  
  62  7:41  Refinery  
  62  8:01  Marine  
  62  8:02  SCV  
  62  8:03  Supply Depot  
  64  8:19  Marine  
  65  8:26  Supply Depot  
  65  8:29  Siege Tank  
  65  8:30  Fusion Core  
  65  8:31  Marine x2  
  71  8:34  SCV  
  71  8:37  Marine  
  72  8:46  SCV  
  72  8:48  Terran Vehicle And Ship Armor Level 1  
  73  8:49  Marine  
  74  8:58  SCV  
  74  9:01  Marine x2  
  77  9:05  Siege Tank  
  77  9:06  Marine  
  81  9:10  SCV  
  82  9:19  Marine x2  
  84  9:24  Marine  
  78  9:37  Marine x2, Siege Tank  
  76  9:42  Marine  
  76  9:44  Battlecruiser  
  83  9:55  Marine x2  
  85  10:00  Marine  
  86  10:12  Command Center  
  86  10:20  Supply Depot  
  86  10:41  Marine x3  
  86  10:42  Terran Ship Weapons Level 1, Siege Tank  
  92  10:43  Supply Depot  
  67  10:59  Marine  
  67  11:00  Marine x2  
  70  11:12  Weapon Refit  
  70  11:14  Siege Tank  
  70  11:17  Marine  
  70  11:18  Marine x2  
  76  11:27  SCV  
  77  11:33  Refinery  
  77  11:35  Marine x2  
  77  11:36  Marine  
  77  11:39  SCV  
  81  11:46  Siege Tank  
  84  11:51  SCV  
  84  11:53  Marine x3  
  88  11:58  Refinery  
  88  12:03  SCV  
  89  12:11  Marine x3  
  92  12:16  SCV  
  92  12:18  Siege Tank  
  96  12:36  Terran Vehicle Weapons Level 2  
  50  12:52  Marine x3  
  50  12:53  Siege Tank  
  50  12:55  Battlecruiser  
  47  13:09  Marine x2  
  47  13:10  Marine  
  29  13:25  Siege Tank  
Tags
 
League
Bronze
Matchup
TvZ
Player
ViBE
Replay Pack
Bronze_League
Spawn Locations
Cross Positions
Add a new tag
Caveats
  • Supply blocks, unpowered buildings, or Contaminate may cause inaccurate times.
  • Supply counts are checked every 10 seconds.